Map: Dusty Gorge

Players

Downugo

  • Race: Zerg Zerg
  • League: Diamond
  • Spawn Location: 3:00

Kyeron

  • Race: Terran Terran
  • Spawn Location: 5:00

Samuel - Winner!

  • Race: Zerg Zerg
  • League: Diamond
  • Spawn Location: 9:00

Adversity - Winner!

  • Race: Terran Terran
  • Spawn Location: 11:00

VOD

Have the link to the VOD?

Description

Time

  • Played on: Oct. 9, 2018, 1:22 p.m.
  • Length: 9:38
Show
View Real Time Build Order
Export as new Build Order

Downugo Zerg 

Build Orders: Hatch First 

Get SALT Encoding   

  12  0:01  Drone  
  13  0:09  Drone  
  14  0:17  Overlord  
  14  0:23  Extractor  
  14  0:24  Drone  
  15  0:36  Drone x2  
  17  0:44  Drone  
  18  0:58  Hatchery  
  18  0:59  Drone  
  18  1:03  Extractor  
  17  1:05  Drone  
  18  1:19  Spawning Pool  
  18  1:21  Drone  
  18  1:29  Overlord  
  18  1:37  Drone  
  19  2:06  Queen  
  19  2:07  Metabolic Boost  
  21  2:10  Queen  
  21  2:11  Zergling x2  
  25  2:15  Zergling x4  
  25  2:22  Overlord  
  26  2:41  Zergling x2  
  26  2:42  Zergling x6  
  29  2:50  Zergling x4  
  29  3:09  Zergling x6  
  32  3:17  Baneling Nest  
  30  3:22  Zergling x4  
  29  3:33  Zergling x6  
  28  3:40  Zergling x4  
  26  3:44  Zergling x2  
  25  4:01  Spine Crawler  
  24  4:03  Baneling x4  
  24  4:04  Baneling  
  24  4:10  Drone x2  
  26  4:34  Drone  
  26  4:35  Drone x3  
  28  4:50  Queen  
  29  4:57  Zergling x2  
  29  4:58  Zergling x12  
  32  5:08  Zergling x4  
  34  5:14  Zergling x2  
  32  5:26  Queen  
  32  5:27  Zergling x6  
  37  5:42  Drone x2  
  39  5:43  Drone, Overlord  
  40  5:54  Baneling  
  40  5:55  Baneling x9  
  35  6:12  Zergling x8  
  36  6:24  Zergling x2  
  24  7:18  Zergling x14  
  25  7:50  Zergling x10  
  29  7:56  Queen x2  
  33  8:18  Drone  
  33  8:19  Drone x4  
  31  8:42  Zergling x8  
  35  9:00  Baneling x7  
  35  9:11  Zergling x10  
Show
View Real Time Build Order
Export as new Build Order

Kyeron Terran 

Build Orders:  

Get SALT Encoding   

  12  0:01  SCV  
  13  0:13  SCV  
  14  0:21  Supply Depot  
  14  0:25  SCV  
  15  0:30  Refinery  
  15  0:42  SCV  
  16  0:46  Barracks  
  16  0:54  SCV  
  17  0:58  Refinery  
  17  1:07  SCV  
  18  1:15  Supply Depot  
  18  1:19  SCV  
  19  1:31  SCV  
  20  1:35  Factory  
  20  1:41  Marine  
  21  1:54  Factory  
  21  1:59  SCV  
  22  2:10  Supply Depot  
  22  2:19  Factory Tech Lab  
  22  2:28  Marine  
  23  2:43  Factory Tech Lab  
  21  2:55  Marine, Siege Tank  
  23  3:09  Siege Tank  
  21  3:13  Marine  
  21  3:32  Marine  
  22  3:35  SCV  
  23  3:46  Siege Tank  
  23  3:47  SCV  
  24  4:06  Marine  
  25  4:13  Siege Tank  
  28  4:43  Siege Tank  
  28  4:44  Marine  
  32  5:01  Marine  
  33  5:10  Bunker  
  33  5:19  Marine  
  34  5:29  Siege Tank  
  37  5:37  Marine  
  38  5:55  Marine  
  37  6:13  Marine  
  38  6:30  Marine  
  34  6:48  Marine  
  33  7:06  Marine  
  29  7:15  SCV  
  27  7:24  Marine  
  27  7:27  SCV  
  25  7:39  SCV  
  25  7:42  Marine  
  24  7:51  SCV  
  25  7:59  Marine  
  25  8:03  SCV  
  14  8:15  SCV  
  14  8:17  Marine  
  13  8:27  SCV  
  14  8:40  Bunker  
Show
View Real Time Build Order
Export as new Build Order

Samuel Zerg - Winner!

Build Orders: Pool First 

Get SALT Encoding   

  12  0:09  Drone  
  12  0:11  Extractor  
  12  0:13  Drone  
  13  0:19  Drone  
  14  0:41  Drone, Spawning Pool  
  14  0:56  Overlord  
  14  1:14  Drone x3  
  17  1:29  Zergling x2  
  17  1:32  Metabolic Boost  
  18  1:37  Queen  
  20  1:40  Zergling x2  
  21  1:50  Spine Crawler, Zergling x2  
  21  1:58  Zergling x2  
  23  2:15  Hatchery  
  22  2:16  Overlord  
  22  2:45  Zergling x6  
  22  2:46  Spine Crawler  
  21  2:54  Zergling x4  
  21  2:55  Zergling x2  
  24  3:05  Zergling x2  
  25  3:23  Drone x2  
  25  3:24  Drone x2, Hatchery  
  20  3:55  Drone  
  20  3:56  Drone  
  20  3:57  Queen  
  20  3:58  Drone x3  
  20  4:00  Drone  
  20  4:01  Overlord  
  28  4:19  Overlord  
  28  4:21  Drone x2  
  28  4:23  Drone  
  28  4:24  Drone  
  32  4:29  Zergling x4  
  32  4:30  Zergling x2  
  35  4:33  Overlord  
  35  4:46  Drone  
  35  4:47  Drone  
  35  4:48  Drone  
  38  4:55  Extractor  
  38  4:57  Extractor  
  38  4:58  Drone x5  
  38  4:59  Extractor  
  40  5:02  Queen  
  42  5:10  Drone x3  
  45  5:18  Lair  
  45  5:29  Drone x2  
  45  5:30  Drone x3  
  45  5:34  Overlord x2  
  45  5:35  Overlord  
  50  5:56  Drone  
  51  5:57  Drone  
  51  5:59  Drone x2  
  51  6:00  Drone x3  
  51  6:12  Zergling x2  
  50  6:19  Hydralisk Den, Spine Crawler  
  50  6:21  Spine Crawler  
  47  6:26  Drone  
  41  6:45  Hydralisk Den  
  41  6:46  Drone  
  41  6:47  Drone x7  
  40  6:48  Drone  
  40  6:50  Hydralisk x4  
  40  6:51  Hydralisk x2  
  56  7:01  Hydralisk  
  57  7:18  Hydralisk  
  57  7:19  Hydralisk  
  57  7:23  Hydralisk  
  57  8:18  Extractor  
  56  8:20  Spawning Pool  
  55  8:33  Drone x4  
  55  8:34  Drone x2  
  61  8:44  Evolution Chamber  
  61  8:47  Evolution Chamber  
  59  8:52  Overlord  
  59  9:10  Hatchery  
Show
View Real Time Build Order
Export as new Build Order

Adversity Terran - Winner!

Build Orders:  

Get SALT Encoding   

  12  0:02  SCV  
  14  0:14  SCV  
  14  0:19  Supply Depot  
  14  0:26  SCV  
  15  0:30  Refinery  
  15  0:41  SCV  
  16  0:47  Barracks  
  16  0:53  SCV  
  17  1:04  Barracks  
  17  1:17  Barracks  
  17  1:23  SCV  
  18  1:35  Reaper  
  19  1:41  Orbital Command  
  19  1:53  Reaper  
  19  1:54  Refinery  
  20  2:04  Reaper  
  21  2:09  Reaper  
  21  2:14  SCV  
  23  2:19  Supply Depot  
  23  2:41  Reaper x2, SCV  
  26  2:47  Reaper  
  27  2:56  SCV  
  28  3:02  Command Center  
  28  3:08  SCV  
  29  3:13  Reaper  
  29  3:15  Reaper  
  31  3:26  Supply Depot  
  31  3:48  Reaper x2, SCV  
  34  3:50  Reaper  
  34  3:51  Barracks  
  34  3:52  Barracks  
  33  4:01  SCV  
  32  4:24  Barracks Reactor  
  32  4:27  Orbital Command  
  32  4:29  SCV  
  32  4:30  Factory  
  33  4:33  Barracks Tech Lab  
  33  4:35  Barracks Reactor  
  33  4:45  Marine x2  
  33  4:46  SCV  
  36  4:57  SCV  
  36  4:58  SCV  
  38  5:03  Marine x4  
  42  5:08  Marine  
  42  5:10  Stimpack  
  42  5:11  SCV  
  44  5:19  Marine x2  
  44  5:20  Factory Reactor, Starport  
  44  5:21  Marine x2  
  46  5:22  SCV  
  46  5:23  SCV  
  46  5:26  Supply Depot  
  46  5:28  Supply Depot  
  49  5:45  Marine x4  
  49  5:46  Marine  
  49  5:47  Marine x2  
  56  5:52  SCV x2  
  56  5:55  Engineering Bay  
  58  5:57  Engineering Bay  
  58  6:04  SCV x2  
  60  6:13  Marine x3  
  60  6:14  Marine, Barracks Reactor x2  
  64  6:28  Marine, SCV x2  
  64  6:31  Marine x3  
  70  6:34  Terran Infantry Armor Level 1, Terran Infantry Weapons Level 1  
  70  6:36  Refinery x2, Medivac  
  70  6:38  Supply Depot  
  73  6:40  Supply Depot  
  73  6:50  Marine  
  73  6:51  Marine x2  
  73  6:52  Marine x3  
  78  6:59  Marine x3, SCV x2  
  82  7:18  Marine x4  
  82  7:19  Marine x2  
  82  7:20  Marine x3  
  90  7:26  Medivac x2  
  94  7:41  Combat Shield  
  94  7:44  Marine  
  94  7:45  Supply Depot  
  94  7:47  Supply Depot  
  94  7:55  Armory  
  94  7:57  Supply Depot  
  94  7:58  Marine  
  94  8:02  Marine  
  94  8:06  Marine x3  
  94  8:15  Marine x4  
  94  8:18  Medivac  
  94  8:19  Medivac  
  102  8:20  SCV x2  
  97  8:44  Supply Depot  
  97  8:45  Supply Depot  
  97  8:48  Medivac  
  97  8:49  Medivac  
  97  8:50  Marine  
  97  8:51  Marine x2  
  97  8:55  Marine x2  
  105  9:01  Marine  
  105  9:02  Marine  
  106  9:05  Marine  
  107  9:10  Marine x2  
Tags
 
Add a new tag
Caveats
  • Supply blocks, unpowered buildings, or Contaminate may cause inaccurate times.
  • Supply counts are checked every 10 seconds.